 Dungeon Sprint DCSS version 0.30-a0-802-gb92711bcdf (webtiles) character file.

Game seed: 2549928708132021909

434 retardedninja the Fighter (level 6, -6/100 HPs)
             Began as a Minotaur Fighter on Feb 24, 2023.
             Was an Initiate of Gozag.
             Succumbed to Sonja's poison
             ... in the Dungeon (Sprint I: "Red Sonja").
             The game lasted 00:00:44 (486 turns).

retardedninja the Fighter (Minotaur Fighter)         Turns: 486, Time: 00:00:44

Health: -6/100     AC:  8    Str: 23    XL:     6   Next: 67%
Magic:  5/5        EV:  9    Int:  5    God:    Gozag
Gold:   297        SH:  6    Dex:  9    Spells: 5/5 levels left

rFire   . . .      SeeInvis .    a - +0 war axe
rCold   . . .      Faith    .    c - +0 buckler
rNeg    . . .      Spirit   .    b - +0 scale mail
rPois   .          Reflect  .    (helmet restricted)
rElec   .          Harm     .    (no cloak)
rCorr   .          Rampage  .    (no gloves)
Will    .....      NoTele   +    (no boots) Stlth
                                 (no amulet)
HPRegen 0.36/turn                (no ring)
MPRegen 0.09/turn                (no ring)

@: berserking, lethally poisoned (-6 -> -46), very quick
A: horns 2, retaliatory headbutt
a: Renounce Religion, Potion Petition, Call Merchant, Bribe Branch


You were in the Dungeon.
You worshipped Gozag.
Gozag was aware of your devotion.
You visited 1 branch You collected 297 gold pieces.

Inventory:

Hand Weapons
 a - a +0 war axe (weapon)
Armour
 b - a +0 scale mail (worn)
 c - a +0 buckler (worn)
Wands
 k - a wand of flame (8)
Scrolls
 j - a scroll of blinking
Potions
 d - a potion of might
 f - a potion of heal wounds
 g - a potion of haste
 h - 2 potions of magic


   Skills:
 + Level 10.4 Fighting
 + Level 6.5 Axes
 + Level 10.1 Armour
 + Level 0.2 Dodging
 + Level 9.6 Shields


You had 5 spell levels left.
You didn't know any spells.
Your spell library was empty.

Dungeon Overview and Level Annotations

Branches:
Dungeon (1/1)

Altars:
Cheibriados
Dithmenos
Elyvilon
Fedhas
Gozag
Hepliaklqana
Kikubaaqudgha
Nemelex Xobeh
Okawaru
Qazlal
Ru
Sif Muna
Trog
Uskayaw
Vehumet
Wu Jian
Yredelemnul
Zin
The Shining One

Shops:
D !

Annotations:
D Sonja


Innate Abilities, Weirdness & Mutations

You have a pair of horns on your head.
You reflexively headbutt those who attack you in melee.


Message History

Sonja closely misses you. Sonja completely misses you.
You slash Sonja!
Sonja is moderately wounded.
You feel very sick.
Sonja hits you with a +1 short sword of venom.
You are more poisoned.
Sonja hits you with a +1 short sword of venom.
You are more poisoned.
Sonja closely misses you. Sonja barely misses you.
Sonja hits you with a +1 short sword of venom.
Sonja hits you but does no damage.
You barely miss Sonja.
Sonja is moderately wounded.
You feel very sick.
Sonja hits you with a +1 short sword of venom.
* * * LOW HITPOINT WARNING * * *
You are lethally poisoned!
Sonja hits you but does no damage.
Sonja hits you with a +1 short sword of venom.
* * * LOW HITPOINT WARNING * * *
You are more poisoned.
You barely miss Sonja.
Sonja is moderately wounded.
* * * LOW HITPOINT WARNING * * *
You feel extremely sick.
Sonja hits you with a +1 short sword of venom.
* * * LOW HITPOINT WARNING * * *
Sonja barely misses you. Sonja hits you but does no damage.
You are more poisoned.
You barely miss Sonja.
Sonja is moderately wounded.
* * * LOW HITPOINT WARNING * * *
You feel extremely sick.
Sonja hits you with a +1 short sword of venom.
* * * LOW HITPOINT WARNING * * *
Sonja closely misses you. Sonja hits you but does no damage.
You closely miss Sonja. Your headbutt misses Sonja.
Sonja is moderately wounded.
You die...
Your body crumbles into a pile of gold.

################
#<.#..').#..'..#
$$ $
#..').#..').#..+
$$
#..#####'#####'#
#..####..#...#)#
$
#..#__####..##)#
$$
#..#_____##'#_.+
#⌠⌠#_.∩...÷.@._#
$$
####_..__##_K#+#
$$#_____###'# $
$ ####### #.# $
$.$ $$ $$ #$.$#
$ ##.## $ $#+#$
$ $ $ $ $


You could see Sonja.

Vanquished Creatures
  Sigmund (D)
  A yak (D)
  An ogre (D)
  A jelly (D)
  Ijyb (D)
5 creatures vanquished.

Notes
Turn   | Place    | Note
-------+----------+-------------------------------------------
     0 | D        | retardedninja the Minotaur Fighter began the quest for the
                  | Orb.
     0 | D        | Reached XP level 1. HP: 19/19 MP: 0/0
     2 | D        | Noticed Ijyb
    10 | D        | Killed Ijyb
    11 | D        | Reached skill level 5 in Fighting
    11 | D        | Reached skill level 5 in Armour
    11 | D        | Reached skill level 5 in Shields
    11 | D        | Reached XP level 2. HP: 23/29 MP: 1/1
   140 | D        | Noticed an ogre
   143 | D        | Killed an ogre
   144 | D        | Reached XP level 3. HP: 39/39 MP: 2/2
   144 | D        | Reached XP level 4. HP: 47/47 MP: 3/3
   147 | D        | Noticed Sigmund
   150 | D        | Killed Sigmund
   151 | D        | Reached skill level 5 in Axes
   151 | D        | Reached XP level 5. HP: 48/57 MP: 4/4
   205 | D        | Found an ornate altar of the Wu Jian Council.
   205 | D        | Found a shimmering blue altar of Sif Muna.
   207 | D        | Found a radiant altar of Vehumet.
   211 | D        | Reached XP level 6. HP: 58/64 MP: 5/5
   234 | D        | Found Locolots's Distillery.
   234 | D        | Found an ancient bone altar of Kikubaaqudgha.
   234 | D        | Found a hazy altar of Hepliaklqana.
   234 | D        | Found a stormy altar of Qazlal.
   234 | D        | Found a hide-covered altar of Uskayaw.
   234 | D        | Found a blossoming altar of Fedhas.
   234 | D        | Found a bloodstained altar of Trog.
   234 | D        | Found an iron altar of Okawaru.
   234 | D        | Found a basalt altar of Yredelemnul.
   234 | D        | Found a glowing golden altar of the Shining One.
   234 | D        | Found a snail-covered altar of Cheibriados.
   234 | D        | Found a sacrificial altar of Ru.
   234 | D        | Found a glowing silver altar of Zin.
   234 | D        | Found a shadowy altar of Dithmenos.
   234 | D        | Found a white marble altar of Elyvilon.
   234 | D        | Noticed a yak
   243 | D        | Killed a yak
   244 | D        | Reached skill level 10 in Fighting
   244 | D        | Reached skill level 10 in Armour
   244 | D        | Found an opulent altar of Gozag.
   245 | D        | Found a sparkling altar of Nemelex Xobeh.
   446 | D        | Became a worshipper of Gozag Ym Sagoz the Greedy
   471 | D        | Noticed Sonja
   485 | D        | HP: 3/100 [Sonja/+1 short sword of venom (6)]
   486 | D        | Succumbed to Sonja's poison

Illustrated notes

Levels and vault maps discovered:
D:        dungeon_sprint_1 [red_sonja_temple_1, red_sonja_temple_small_1]

Skill      XL: |  1  2  3  4  5  6 |
---------------+-------------------+-----
Fighting       | 5 7 9 10 | 10.4
Axes           | 3 4 5 6 |  6.5
Armour         | 5 7 8 9 10 | 10.1
Shields        | 5 6 8 9 |  9.6
Dodging        | |  0.2

Action                     |  1- 3 |  4- 6 || total
---------------------------+-------+-------++-------
  Melee: War axe           |     9 |    21 ||    30
         Headbutt          |     4 |     6 ||    10
  Evoke: Wand              |       |     2 ||     2
    Use: Potion            |       |     2 ||     2
 Armour: Scale mail        |     1 |     5 ||     6
  Dodge: Dodged            |     7 |    16 ||    23
  Block: Buckler           |     2 |     4 ||     6

Table legend: (Time is in decaauts)
 A = Elapsed time spent in this place.
 B = Non-inter-level travel time spent in this place.
 C = Inter-level travel time spent in this place.
 D = Time resting spent in this place.
 E = Time spent auto-exploring this place.
 F = Levels seen in this place.
 G = Mean time per level.
                   A        B        C        D        E       F      G
               +--------+--------+--------+--------+--------+-----+--------+
         Total |    491 |    491 |      0 |    369 |      0 |   1 |  491.0 |
       Dungeon |    491 |    491 |      0 |    369 |      0 |   1 |  491.0 |
               +--------+--------+--------+--------+--------+-----+--------+

Top non-repeatable levels by time:
       D: 491 daAuts
